 Dungeon Crawl Stone Soup version 0.31-a0-596-g831eee08f1 (webtiles) character file.

Game seed: 13386102503463250701

34 Babbit the Conjurer (level 3, 0/24 HPs)
             Began as a Human Conjurer on Aug 20, 2023.
             Slain by Sigmund
             ... wielding a +0 scythe
              (12 damage)
             ... on level 2 of the Dungeon.
             The game lasted 00:05:47 (1568 turns).

Babbit the Conjurer (Human Conjurer)                Turns: 1568, Time: 00:05:48

Health: 0/24       AC:  2    Str:  7    XL:     3   Next: 50%
Magic:  1/6        EV: 12    Int: 20    God:
Gold:   61         SH:  0    Dex: 11    Spells: 5/6 levels left

rFire   . . .        (no weapon)
rCold   . . .        (no shield)
rNeg    . . .        a - +0 robe
rPois   .            (no helmet)
rElec   .            (no cloak)
rCorr   .            (no gloves)
SInv    .            (no boots)
Will    .....        (no amulet)
Stlth   ++           (no ring)
HPRegen 0.24/turn    (no ring)
MPRegen 0.10/turn

%: no passive effects
@: no status effects
A: no striking features
a: no special abilities


You were on level 2 of the Dungeon.
You visited 1 branch of the dungeon, and saw 2 of its levels.

You collected 61 gold pieces.

Inventory:

Armour
 a - a +0 robe (worn)
Scrolls
 c - a scroll of identify {unknown}
Potions
 b - a potion of magic
 d - 3 potions of curing {unknown}
 e - a potion of brilliance {unknown}


   Skills:
 + Level 2.1 Dodging
 + Level 2.1 Stealth
 + Level 2.1 Spellcasting
 + Level 4.8 Conjurations


You had 5 spell levels left.
You knew the following spells:

 Your Spells              Type           Power      Damage    Failure   Level
a - Magic Dart            Conj           84%        1d7       2%          1

Your spell library contained the following spells:

 Spells                   Type           Power      Damage    Failure   Level
 Searing Ray              Conj           42%        2d6       3%          2
 Dazzling Flash           Conj/Hex       22%        N/A       17%         3
 Fulminant Prism          Conj/Hex       5%         3d7       50%         4
 Iskenderun's Mystic Bla  Conj/Tloc      11%        2d4       50%         4


Dungeon Overview and Level Annotations

Branches:
Dungeon (2/15)

Altars:

Shops:
D:1 [

Annotations:
D:2 Sigmund


Message History

Sigmund is heavily wounded.
Aiming: Magic Dart (safe; 2% risk of failure)
Press: ? - help, Q - select action Shift-Dir - straight line, f/p - Sigmund
Aim: Sigmund, wielding a +0 scythe and wearing a +0 robe (heavily wounded, 100% to hit)
You miscast Magic Dart.
You are very lightly contaminated with residual magic.
Nothing appears to happen.
Sigmund barely misses you.
Aiming: Magic Dart (safe; 2% risk of failure)
Press: ? - help, Q - select action Shift-Dir - straight line, f/p - Sigmund
Aim: Sigmund, wielding a +0 scythe and wearing a +0 robe (heavily wounded, 100% to hit)
The magic dart hits Sigmund but does no damage.
Sigmund is heavily wounded.
Sigmund's eyes start glowing with a red light.
Sigmund gestures at you while chanting. The magic dart hits you.
Aiming: Magic Dart (safe; 2% risk of failure)
Press: ? - help, Q - select action Shift-Dir - straight line, f/p - Sigmund
Aim: Sigmund, wielding a +0 scythe and wearing a +0 robe (heavily wounded, 100% to hit)
The magic dart hits Sigmund.
Sigmund is severely wounded.
Sigmund barely misses you.
You hit Sigmund but do no damage.
Sigmund is severely wounded.
Sigmund barely misses you.
You closely miss Sigmund.
Sigmund is severely wounded.
Sigmund hits you with a +0 scythe!
Aiming: Magic Dart (safe; 2% risk of failure)
Press: ? - help, Q - select action Shift-Dir - straight line, f/p - Sigmund
Aim: Sigmund, wielding a +0 scythe and wearing a +0 robe (severely wounded, 100% to hit)
The magic dart hits Sigmund.
Sigmund is almost dead.
Your magical contamination has completely faded away.
You barely miss Sigmund.
Sigmund is almost dead.
Sigmund hits you with a +0 scythe!
Ouch! That really hurt!
You die...
Sigmund begins carving another notch in his scythe.

.....# ..#
......###..#####
...............#
...............#
..........).....
...............#
...............#
#..<@@.....#
############


You could see Sigmund.

Vanquished Creatures
  3 bats (D:1)
  3 endoplasms (D:1)
  A giant cockroach (D:1)
  3 goblins
  4 hobgoblins (D:1)
  7 kobolds (D:1)
  2 quokkas (D:1)
  2 ball pythons (D:1)
  2 frilled lizards (D:1)
  3 rats (D:1)
30 creatures vanquished.

Notes
Turn   | Place    | Note
-------+----------+-------------------------------------------
     0 | D:1      | Babbit the Human Conjurer began the quest for the Orb.
     0 | D:1      | Reached XP level 1. HP: 13/13 MP: 3/3
   316 | D:1      | Reached XP level 2. HP: 19/19 MP: 3/5
   624 | D:1      | Reached XP level 3. HP: 24/24 MP: 3/6
   745 | D:1      | Found a faded altar of an unknown god.
   887 | D:1      | Found Weol's Antique Armour Emporium.
  1342 | D:2      | Noticed Sigmund
  1568 | D:2      | Slain by Sigmund

Illustrated notes

Levels and vault maps discovered:
D:1:      nagdon_arrival_zigzag_paths, layout_basic,
          shapermc_ecumenical_altar_mp_vishouse, serial_shops,
          nicolae_shop_behind_doors
D:2:      layout_rooms, minmay_misc_feat_five, serial_bayou_lake_a,
          uniq_jessica, uniq_natasha, uniq_sigmund

Action                     || total
---------------------------++-------
  Melee: Unarmed           ||    13
   Cast: Magic Dart        ||    69
 Armour: Robe              ||     5
  Dodge: Dodged            ||    26

Table legend: (Time is in decaauts)
 A = Elapsed time spent in this place.
 B = Non-inter-level travel time spent in this place.
 C = Inter-level travel time spent in this place.
 D = Time resting spent in this place.
 E = Time spent auto-exploring this place.
 F = Levels seen in this place.
 G = Mean time per level.
                   A        B        C        D        E       F      G
               +--------+--------+--------+--------+--------+-----+--------+
         Total |   1570 |   1559 |     11 |    603 |    810 |   2 |  785.0 |
       Dungeon |   1570 |   1559 |     11 |    603 |    810 |   2 |  785.0 |
               +--------+--------+--------+--------+--------+-----+--------+

Top non-repeatable levels by time:
     D:1: 1536 daAuts
     D:2: 34 daAuts
